 Dungeon Crawl Stone Soup version 0.17-a0-854-g4a4ba72 (console) character file.

67 sose the Changer (level 4, -4/28 HPs)
             Began as an Octopode Transmuter on Apr 28, 2015.
             Slain by a gnoll
             ... wielding a cursed -3 spear
              (5 damage)
             ... on level 2 of the Dungeon.
             The game lasted 00:02:15 (1110 turns).

sose the Changer (Octopode Transmuter)              Turns: 1110, Time: 00:02:15

Health: -4/28      AC:  1    Str:  9    XL:     4   Next: 16%
Magic:  7/7        EV: 12    Int: 16    God:
Gold:   65         SH:  0    Dex: 12    Spells: 2 memorised, 4 levels left

rFire  . . .     SeeInvis .     e - +2 dagger (freeze)
rCold  . . .     Clarity  .     (no shield)
rNeg   . . .     SustAb   .     (helmet restricted)
rPois  .         Gourm    .     (no amulet)
rElec  .         Spirit   .     (no ring)
rCorr  .         Warding  .     (no ring)
rMut   .         Stasis   .     (no ring)
MR     .....                    (no ring)
Stlth  ++........               (no ring)
                                (no ring)
                                (no ring)
                                (no ring)

@: appendage (expiring), not resistant to hostile enchantments, unstealthy
A: almost no armour, amphibious, 8 rings, constrict 8, tentacle spike 3,
camouflage 1, gelatinous body 1
a: End Transformation


You were on level 2 of the Dungeon.
You were hungry.
One of your tentacles had a temporary spike.
You visited 1 branch of the dungeon, and saw 2 of its levels.

You collected 65 gold pieces.

Inventory:

Hand weapons
 e - a +2 dagger of freezing (weapon)
Missiles
 a - 61 arrows
 d - 10 arrows of flame
Scrolls
 f - a scroll of enchant weapon {unknown}
 g - a scroll of fear {unknown}
 h - a scroll of amnesia {unknown}
Books
 b - a book of Changes

   Spells                             Type                      Level
   a - Beastly Appendage              Transmutation                1
   b - Sticks to Snakes               Transmutation                2
   c - Spider Form                    Transmutation/Poison         3
   d - Ice Form                       Ice/Transmutation            4
   e - Blade Hands                    Transmutation                5
Comestibles
 c - a bread ration


   Skills:
 - Level 1.0 Fighting
 - Level 2.0 Dodging
 - Level 3.0 Unarmed Combat
 - Level 2.0 Spellcasting
 + Level 4.3 Transmutations


You had 4 spell levels left.
You knew the following spells:

 Your Spells              Type           Power        Failure   Level  Hunger
a - Beastly Appendage     Trmt           ###...       4%          1    #......
b - Sticks to Snakes      Trmt           ###.......   8%          2    ###....


Dungeon Overview and Level Annotations

Branches:
Dungeon (2/15)

Altars:


Innate Abilities, Weirdness & Mutations

You cannot wear most types of armour.
You are amphibious.
You can wear up to eight rings at the same time.
You can use your tentacles to constrict eight enemies at once.
Your skin changes colour to match your surroundings (Stealth).
Your rubbery body absorbs attacks (AC +1).
One of your tentacles bears a large vicious spike.


Message History

You hit the gnoll. You freeze the gnoll.
You kill the gnoll!
Your Transmutations skill increases to level 4!
The gnoll hits you from afar with a spear.
You hit the gnoll but do no damage. You grab the gnoll. You squeeze the gnoll!
The gnoll is severely wounded.
You constrict the gnoll. The gnoll hits you with a club.
* * * LOW HITPOINT WARNING * * *
The gnoll hits you from afar with a spear.
* * * LOW HITPOINT WARNING * * *
You aren't carrying any potions.
You hit the gnoll. You freeze the gnoll.
You pierce the gnoll, but do no damage.
The gnoll is almost dead.
Your transformation is almost over.
You constrict the gnoll.
You kill the gnoll!
You have reached level 4!
The gnoll hits you from afar with a spear.
You die...

#........#
#.###.#.......
#.# #.....###
#.# ###...#
#.# >..# #.#
..# #.# ...
#.# . #@#
#)### #.g.#
###.# #...#
.g.#... ###.
.##.# .. .. #
##. .##


You could see a gnoll.

Vanquished Creatures
  2 gnolls (D:2)
  An adder (D:2)
  3 bats (D:1)
  2 giant cockroaches (D:1)
  2 goblins (D:1)
  A hobgoblin (D:1)
  4 jackals (D:1)
  5 kobolds (D:1)
  A quokka (D:1)
  7 rats (D:1)
28 creatures vanquished.

Vanquished Creatures (collateral kills)
  A gnoll (D:2)
1 creature vanquished.

Grand Total: 29 creatures vanquished

Notes
Turn   | Place    | Note
--------------------------------------------------------------
     0 | D:1      | sose, the Octopode Transmuter, began the quest for the Orb.
     0 | D:1      | Reached XP level 1. HP: 13/13 MP: 3/3
    37 | D:1      | Reached XP level 2. HP: 13/18 MP: 5/5
   616 | D:1      | Reached XP level 3. HP: 23/23 MP: 6/6
   920 | D:2      | Learned a level 2 spell: Sticks to Snakes
  1108 | D:2      | Reached skill level 4 in Transmutations
  1109 | D:2      | HP: 1/23 [gnoll/spear (5)]
  1110 | D:2      | Reached XP level 4. HP: 1/28 MP: 7/7
  1110 | D:2      | Slain by a gnoll

Action                   |  1- 3 |  4- 6 || total
-------------------------+-------+-------++-------
Melee: Unarmed           |    16 |       ||    16
       Dagger            |    46 |       ||    46
 Cast: Beastly Appendage |     3 |       ||     3
       Sticks to Snakes  |     3 |       ||     3
 Stab: Sleeping          |     2 |       ||     2
